 Dungeon Crawl Stone Soup version 0.17.0-73-gb648821 (webtiles) character file.

96000 Peloso the Peltast (level 15, -7/136 HPs)
             Began as a Minotaur Fighter on Dec 9, 2015.
             Was the Champion of Okawaru.
             Mangled by a shambling mangrove (8 damage)
             ... on level 2 of the Swamp on Dec 10, 2015.
             The game lasted 01:46:14 (29598 turns).

Peloso the Peltast (Minotaur Fighter)              Turns: 29598, Time: 01:46:15

Health: -7/136     AC: 24    Str: 32    XL:     15   Next: 68%
Magic:  24/24      EV: 11    Int:  5    God:    Okawaru [******]
Gold:   3015       SH: 17    Dex: 17    Spells: 0 memorised, 14 levels left

rFire  + + .     SeeInvis .     K - +10 falchion "Gunuon" {flame, Str+4}
rCold  x . .     Clarity  .     G - +0 fire dragon armour
rNeg   . . .     SustAt   .     c - +0 shield
rPois  .         Gourm    .     (helmet restricted)
rElec  .         Spirit   .     m - +1 cloak of Gravity {MP+9 Str+3}
rCorr  .         Warding  .     E - +0 pair of gloves
rMut   .         Stasis   .     h - +2 pair of boots {Fly}
MR     +....                    D - amulet of faith
Stlth  ..........               I - +5 ring of dexterity
                                Z - +3 ring of protection

@: about to teleport, grasped by roots, very slow, somewhat resistant to hostile
enchantments, extremely unstealthy
A: retaliatory headbutt, horns 2, mutation resistance 1
a: Heroism, Finesse, Renounce Religion, Evoke Flight


You were on level 2 of the Swamp.
You worshipped Okawaru.
Okawaru was exalted by your worship.
You were very hungry.

You visited 5 branches of the dungeon, and saw 29 of its levels.
You also visited: Labyrinth, Sewer, Bailey and Ice Cave.

You collected 3015 gold pieces.

Inventory:

Hand Weapons
 H - a +1 double sword of holy wrath
 K - the +10 falchion "Gunuon" (weapon) {flame, Str+4}
   (You found it on level 7 of the Dungeon)

   It has been specially enchanted to burn those struck by it, causing extra
   injury to most foes and up to half again as much damage against particularly
   susceptible opponents.
   Big, fiery blades are also staple armaments of hydra-hunters.
   It affects your strength (+4).
 Q - a +0 demon blade of freezing
Armour
 c - a +0 shield (worn)
 h - a +2 pair of boots of flying (worn)
 m - the +1 cloak of Gravity (worn) {MP+9 Str+3}
   (Okawaru gifted it to you on level 1 of the Swamp)

   It affects your strength (+3).
   It affects your magic capacity (+9).
 n - the +0 pair of boots of Cisopruu {rN+ SInv}
   (You acquired it on level 8 of the Lair of Beasts)

   It protects you from negative energy.
   It lets you see invisible.
 p - a +2 cloak
 E - a +0 pair of gloves (worn)
 G - a +0 fire dragon armour (worn)
 W - the +3 crystal plate armour of the Other World {*Corrode Str+3}
   (You acquired it on level 4 of the Lair of Beasts)

   It affects your strength (+3).
   It may corrode your equipment when you take damage.
 Y - the +2 pair of boots "Ylae" {rElec rPois Int+3}
   (Okawaru gifted it to you on level 14 of the Dungeon)

   It affects your intelligence (+3).
   It insulates you from electricity.
   It protects you from poison.
Jewellery
 b - an uncursed amulet of stasis
 o - an uncursed ring of protection from magic
 s - an uncursed ring of protection from cold
 C - an uncursed amulet of regeneration
 D - an amulet of faith (around neck)
 I - a +5 ring of dexterity (right hand)
 Z - a +3 ring of protection (left hand)
Wands
 f - a wand of digging (10)
 J - a wand of random effects (15)
 T - a wand of frost (27)
 X - a wand of disintegration (8)
Scrolls
 i - 4 scrolls of enchant armour
 l - 11 scrolls of remove curse
 q - 4 scrolls of magic mapping
 r - 5 scrolls of teleportation
 u - 2 scrolls of fear
 v - a scroll of summoning
 w - 2 scrolls of identify
 x - 4 scrolls of fog
 y - 2 scrolls of recharging
 M - 3 scrolls of enchant weapon
 O - 3 scrolls of blinking
 P - 2 scrolls of holy word
Potions
 a - 2 potions of heal wounds
 d - 3 potions of might
 j - 2 potions of resistance
 z - 2 potions of flight
 A - 7 potions of curing
 B - 2 potions of invisibility
 L - 4 potions of haste
 R - 2 potions of agility
 V - a potion of magic
Comestibles
 e - 21 bread rations
 g - 11 royal jellies
 k - a beef jerky
 t - 15 meat rations
 F - 25 fruits
 S - 8 slices of pizza


   Skills:
 + Level 13.2 Fighting
 + Level 16.3 Long Blades
 + Level 14.6 Armour
 + Level 7.6 Dodging
 + Level 1.7 Stealth
 + Level 18.9 Shields
 + Level 1.9 Invocations


You had 14 spell levels left.
You didn't know any spells.

Dungeon Overview and Level Annotations

Branches:
Dungeon (14/15)            Temple (1/1) D:4            Lair (8/8) D:10
  Swamp (2/4) Lair:5        Snake (0/4) Lair:3        Slime (0/6) Lair:7
    Orc (4/4) D:9             Elf (0/3) Orc:3        Vaults (0/5) D:13

Altars:
Cheibriados
Dithmenos
Elyvilon
Fedhas
Kikubaaqudgha
Makhleb
Okawaru
Qazlal
Trog
Xom
Yredelemnul
Zin
The Shining One
Beogh
Jiyva

Shops:
D:10 (   D:11 ?   D:14 !=!   Orc:4 (%}%


Innate Abilities, Weirdness & Mutations

You reflexively headbutt those who attack you in melee.
You have a pair of horns on your head.
You are somewhat resistant to further mutation.


Message History

You headbutt the thorn hunter, but do no damage.
The thorn hunter is lightly damaged.
You block the spriggan rider's attack. The thorn hunter barely misses you.
The thorn hunter hits you but does no damage.
Unknown command.
You completely miss the thorn hunter.
You headbutt the thorn hunter, but do no damage.
The thorn hunter is lightly damaged.
The spriggan rider hits you from afar with a spear!
* * * LOW HITPOINT WARNING * * *
The shambling mangrove hits you!
* * * LOW HITPOINT WARNING * * *
You block the spriggan rider's attack.
You enter the shallow water.
Moving in this stuff is going to be slow.
The thorn hunter fires a volley of thorns at you.
The volley of thorns hits you!
* * * LOW HITPOINT WARNING * * *
Thorny briars emerge from the ground!
The shambling mangrove hits you!
You die...

♣♣♣ ♣♣≈≈♣♣♣♣♣
♣♣≈≈≈≈PPP♣
♣♣f@≈≈≈PP.♣
♣.f.≈≈≈≈≈.♣
.......ii≈≈≈...≈
≈≈≈.≈≈.≈≈≈≈≈≈...
≈≈≈≈...♣≈.≈≈≈≈♣≈
≈≈..♣$...≈.≈≈.♣
≈≈≈...?≈≈.≈≈≈≈.♣
≈.......≈.§....♣
....... .....♣♣


You could see a thorn hunter, a shambling mangrove and 2 spriggan riders.

Vanquished Creatures
  Kirke (Swamp:1)
  An orc warlord (Orc:4)
  Maud (Orc:3)
  The ghost of Clownie the Severer, an adept FoFi of the Shining One (D:14)
  The ghost of riffraff the Tortoise, a journeyman MiBe of Trog (Swamp:1)
  A minotaur (Lab)
  Fannar (Orc:2)
  5 catoblepae
  Harold (Orc:2)
  12 hydras
  An ogre mage (D:13)
  A queen ant (Lair:7)
  A centaur warrior (D:13)
  3 alligators (Swamp:1)
  10 death yaks (Lair:8)
  4 orc high priests (Orc:4)
  Sonja (Orc:3)
  Nergalle (Orc:1)
  3 orc knights (Orc:4)
  2 hill giants
  A shambling mangrove (Swamp:1)
  4 orc sorcerers (Orc:4)
  8 elephants
  2 ugly things
  2 griffons
  3 black mambas
  A manticore (D:11)
  Maurice (D:9)
  2 ice statues (IceCv)
  16 spiny frogs
  Psyche (D:9)
  3 fire drakes
  2 yaktaurs (D:13)
  4 kobold demonologists
  5 komodo dragons
  An efreet (D:14)
  A queen bee (D:9)
  A polar bear (Lair:6)
  7 trolls
  A giant leech (Swamp:1)
  7 slime creatures
  16 blink frogs
  A bog body (Swamp:1)
  4 two-headed ogres
  A trapdoor spider (D:13)
  2 spriggans
  32 yaks
  Sigmund (D:5)
  4 wyverns
  6 hippogriffs
  5 hungry ghosts
  4 deep elf magi
  2 hogs (Swamp:1)
  5 wargs
  Menkaure (D:6)
  2 steam dragons
  6 soldier ants
  8 wolves
  A basilisk (D:13)
  13 water moccasins
  6 swamp worms (Swamp:1)
  3 nagas (Lair:3)
  9 ice beasts
  6 porcupines
  48 orc warriors
  A wasp (Swamp:2)
  5 sky beasts
  An eye of draining (D:13)
  2 phantoms
  3 black bears
  22 centaurs
  12 crocodiles
  22 giant frogs
  A gnoll sergeant (D:10)
  19 ogres
  9 big kobolds
  A wyvern skeleton (D:7)
  A scorpion (D:6)
  8 wights
  34 killer bees
  8 crimson imps
  3 centaur zombies
  6 electric eels
  A giant frog zombie (D:8)
  A wasp zombie (D:11)
  3 jellies
  9 centaur skeletons
  30 orc wizards
  5 giant frog skeletons
  39 orc priests
  10 hounds
  Terence (D:3)
  19 worker ants
  8 iguanas
  29 sheep
  2 hound zombies
  2 hound skeletons
  A worker ant zombie (D:7)
  18 adders
  19 gnolls
  56 river rats
  12 white imps (D:11)
  2 shadow imps
  A worm (D:5)
  An adder skeleton (D:5)
  An adder zombie (D:6)
  4 giant geckos
  228 orcs
  6 ball pythons
  7 bats
  5 giant cockroaches
  3 goblins (D:2)
  12 hobgoblins
  17 jackals
  22 kobolds
  3 quokkas
  4 giant newts
  17 rats
  A fungus (Lair:8)
  6 plants
1074 creatures vanquished.

Vanquished Creatures (others)
  3 humans (Swamp:1)
  2 orcs (Orc:2)
  A bush (Lair:5)
  14 fungi
  6 plants (Lair:8)
26 creatures vanquished.

Grand Total: 1100 creatures vanquished

Notes
Turn   | Place    | Note
--------------------------------------------------------------
     0 | D:1      | Peloso the Minotaur Fighter began the quest for the Orb.
     0 | D:1      | Reached XP level 1. HP: 19/19 MP: 0/0
   103 | D:1      | Reached XP level 2. HP: 25/27 MP: 1/1
   138 | D:1      | Reached skill level 4 in Shields
   594 | D:1      | Reached XP level 3. HP: 30/33 MP: 2/2
  1101 | D:2      | Reached XP level 4. HP: 40/40 MP: 3/3
  1416 | D:2      | Found a white marble altar of Elyvilon.
  1419 | D:2      | Found a stormy altar of Qazlal.
  1433 | D:2      | Found a burning altar of Makhleb.
  1456 | D:2      | Found an iron altar of Okawaru.
  1480 | D:2      | Became a worshipper of Warmaster Okawaru
  1637 | D:3      | Reached skill level 1 in Dodging
  1643 | D:3      | Reached XP level 5. HP: 47/47 MP: 4/4
  1663 | D:3      | You fall through a shaft for 2 floors!
  1663 | D:5      | Entered Level 5 of the Dungeon
  1663 | D:5      | Found a blossoming altar of Fedhas.
  1711 | D:5      | Noticed Sigmund
  1726 | D:5      | Killed Sigmund
  1726 | D:5      | Reached skill level 5 in Armour
  1726 | D:5      | Reached skill level 5 in Shields
  1726 | D:5      | Reached XP level 6. HP: 53/53 MP: 5/5
  1815 | D:5      | Reached * piety under Okawaru
  2101 | D:5      | Noticed a centaur
  2105 | D:5      | Killed a centaur
  2105 | D:5      | Reached skill level 6 in Shields
  2105 | D:5      | Reached XP level 7. HP: 51/60 MP: 6/6
  2267 | D:4      | Reached skill level 5 in Fighting
  2287 | D:4      | Found a glowing drain.
  2291 | Sewer    | Entered a sewer
  2394 | Sewer    | Found a glowing silver altar of Zin.
  2589 | D:4      | Found a staircase to the Ecumenical Temple.
  2601 | D:4      | Reached ** piety under Okawaru
  2616 | Temple   | Entered the Ecumenical Temple
  2763 | D:4      | Reached skill level 7 in Shields
  3272 | D:6      | Noticed Menkaure
  3280 | D:6      | Killed Menkaure
  3280 | D:6      | Reached skill level 5 in Long Blades
  3280 | D:6      | Reached XP level 8. HP: 33/68 MP: 7/7
  3709 | D:6      | Reached *** piety under Okawaru
  3787 | D:6      | Reached skill level 8 in Shields
  4319 | D:6      | Reached XP level 9. HP: 75/75 MP: 8/8
  4416 | D:7      | Found a shadowy altar of Dithmenos.
  4905 | D:7      | Got a faintly glowing falchion
  4906 | D:7      | Identified the +10 falchion "Gunuon" {flame, Str+4} (You found it on level 7 of the Dungeon)
  5760 | D:3      | Noticed Terence
  5766 | D:3      | Killed Terence
  5915 | D:3      | Found a blossoming altar of Fedhas.
  6094 | D:8      | Reached skill level 9 in Shields
  6109 | D:8      | Found a shimmering altar of Xom.
  6265 | D:8      | Reached **** piety under Okawaru
  6746 | D:9      | Noticed a white ugly thing
  6752 | D:9      | Killed a white ugly thing
  6910 | D:9      | Found a staircase to the Orcish Mines.
  6937 | D:9      | Reached skill level 10 in Shields
  6998 | D:9      | Noticed Maurice
  7011 | D:9      | Killed Maurice
  7011 | D:9      | Reached ***** piety under Okawaru
  7011 | D:9      | Reached XP level 10. HP: 83/86 MP: 9/9
  7161 | D:9      | Noticed Psyche
  7166 | D:9      | Killed Psyche
  7429 | D:9      | Reached skill level 5 in Dodging
  7463 | D:9      | Received a gift from Okawaru
  7475 | D:9      | Reached skill level 11 in Shields
  7651 | D:10     | Entered Level 10 of the Dungeon
  7966 | D:10     | Found a staircase to the Lair.
  7966 | D:10     | Noticed an elephant
  7978 | D:10     | Killed an elephant
  7987 | D:10     | Reached skill level 1 in Stealth
  8161 | D:10     | Reached skill level 10 in Armour
  8202 | D:10     | Found Haisosy's Antique Weapon Boutique.
  8462 | D:10     | Received a gift from Okawaru
  8500 | D:10     | Reached ****** piety under Okawaru
  8500 | D:10     | Reached skill level 10 in Long Blades
  8568 | D:11     | Found a frozen archway.
  8569 | D:11     | Reached XP level 11. HP: 95/95 MP: 10/10
  8674 | IceCv    | Entered an ice cave
  8688 | IceCv    | Reached skill level 12 in Shields
  8771 | D:11     | Noticed a manticore
  8777 | D:11     | Killed a manticore
  8777 | D:11     | Received a gift from Okawaru
  9400 | D:11     | Found Caleysm's Magic Scroll Shop.
  9519 | D:11     | Reached skill level 1 in Invocations
  9720 | D:12     | Noticed a hill giant
  9728 | D:12     | Killed a hill giant
  9811 | D:12     | Noticed a four-headed hydra
  9816 | D:12     | Killed a one-headed hydra
  9816 | D:12     | Reached skill level 13 in Shields
 10744 | D:12     | Reached XP level 12. HP: 100/106 MP: 11/11
 10767 | D:12     | Noticed a two-headed hydra
 10770 | D:12     | Killed a one-headed hydra
 11175 | D:13     | Noticed a centaur warrior
 11175 | D:13     | Found a gate to the Vaults.
 11179 | D:13     | Killed a centaur warrior
 11179 | D:13     | Received a gift from Okawaru
 11201 | D:13     | Noticed an ogre mage
 11223 | D:13     | Killed an ogre mage
 11223 | D:13     | Reached skill level 14 in Shields
 11290 | D:13     | Reached skill level 10 in Fighting
 11293 | D:13     | Received a gift from Okawaru
 11908 | D:14     | Found Raawunirph's Distillery.
 11922 | D:14     | Noticed Clownie's ghost (adept FoFi)
 11966 | D:14     | Killed Clownie's ghost
 12422 | D:14     | Received a gift from Okawaru
 12422 | D:14     | Reached skill level 15 in Shields
 12425 | D:14     | Got a pair of smoking boots {god gift}
 12436 | D:14     | Identified the +2 pair of boots "Ylae" {rElec rPois Int+3} (Okawaru gifted it to you on level 14 of the Dungeon)
 12552 | D:14     | Found Kamma's Distillery.
 12727 | D:14     | Found Cocix's Jewellery Shop.
 13544 | Orc:1    | Entered Level 1 of the Orcish Mines
 13608 | Orc:1    | Noticed Nergalle
 13618 | Orc:1    | Killed Nergalle
 13618 | Orc:1    | Reached XP level 13. HP: 78/114 MP: 12/12
 13757 | Orc:1    | Found a flagged portal.
 13770 | Bailey   | Entered a bailey
 14698 | Orc:1    | Found a roughly hewn altar of Beogh.
 14796 | Orc:1    | Found a roughly hewn altar of Beogh.
 15092 | Orc:2    | Noticed Fannar
 15129 | Orc:2    | Killed Fannar
 15236 | Orc:3    | Found a staircase to the Elven Halls.
 15549 | Orc:3    | Noticed Sonja
 15561 | Orc:3    | Killed Sonja
 15929 | Orc:4    | Entered Level 4 of the Orcish Mines
 16282 | Orc:4    | Received a gift from Okawaru
 16662 | Orc:4    | Found a roughly hewn altar of Beogh.
 16712 | Orc:4    | Received a gift from Okawaru
 16719 | Orc:4    | Got a steaming hat {god gift}
 16725 | Orc:4    | Identified the +1 hat of Forking Paths {*Confuse +Inv rElec rC-} (Okawaru gifted it to you on level 4 of the Orcish Mines)
 16943 | Orc:4    | Reached skill level 16 in Shields
 16959 | Orc:4    | Found Semor's Food Emporium.
 16975 | Orc:4    | Found Myhuasse's Weapon Shoppe.
 17435 | Orc:4    | Noticed an orc warlord
 17479 | Orc:4    | Killed an orc warlord
 17781 | Orc:4    | Found Laommestig's Food Shoppe.
 17820 | Orc:4    | Found a roughly hewn altar of Beogh.
 17838 | Orc:4    | Found Hupune's Gadget Emporium.
 17871 | Orc:4    | HP: 4/116 [orc priest/divine providence (10)]
 18330 | Orc:4    | Received a gift from Okawaru
 18862 | Orc:2    | Noticed Maud
 18894 | Orc:3    | Killed Maud
 19115 | Orc:2    | Noticed Harold
 19147 | Orc:2    | Killed Harold
 19147 | Orc:2    | Reached XP level 14. HP: 65/125 MP: 14/14
 19632 | Lair:1   | Entered Level 1 of the Lair of Beasts
 21283 | Lair:3   | Reached skill level 17 in Shields
 21710 | Lair:3   | Found a staircase to the Snake Pit.
 21714 | Lair:3   | Received a gift from Okawaru
 21831 | Lair:3   | Gained mutation: You are somewhat resistant to further mutation. [potion of beneficial mutation]
 22235 | Lair:4   | Identified a scroll of acquirement
 22238 | Lair:4   | Got a pearl-studded crystal plate armour
 22249 | Lair:4   | Identified the +3 crystal plate armour of the Other World {*Corrode Str+3} (You acquired it on level 4 of the Lair of Beasts)
 23134 | Lair:5   | Found a staircase to the Swamp.
 23222 | Lair:5   | Found a shimmering altar of Xom.
 23710 | Lair:6   | Received a gift from Okawaru
 23713 | Lair:6   | Reached skill level 15 in Long Blades
 24352 | Lair:7   | Received a gift from Okawaru
 24680 | Lair:7   | Found a staircase to the Slime Pits.
 24681 | Lair:7   | Found a viscous altar of Jiyva.
 24714 | Lair:7   | Reached skill level 18 in Shields
 25321 | Lair:8   | Entered Level 8 of the Lair of Beasts
 25348 | Lair:8   | Received a gift from Okawaru
 25401 | Lair:8   | Found a labyrinth entrance.
 25427 | Lab      | Entered a labyrinth
 25851 | Lab      | Reached XP level 15. HP: 122/134 MP: 15/15
 26596 | Lair:8   | Got a pair of transparent boots
 26607 | Lair:8   | Identified the +0 pair of boots of Cisopruu {rN+ SInv} (You acquired it on level 8 of the Lair of Beasts)
 26686 | Lair:8   | Received a gift from Okawaru
 26705 | Lair:8   | Got a pair of brightly glowing boots {god gift}
 26716 | Lair:8   | Identified the +0 pair of boots "Qohax" {rN+} (Okawaru gifted it to you on level 8 of the Lair of Beasts)
 28418 | Swamp:1  | Entered Level 1 of the Swamp
 28418 | Swamp:1  | Noticed riffraff's ghost (journeyman MiBe)
 28462 | Swamp:1  | Killed riffraff's ghost
 28875 | Swamp:1  | Received a gift from Okawaru
 28880 | Swamp:1  | Noticed Kirke
 28892 | Swamp:1  | Killed Kirke
 28906 | Swamp:1  | Got a steaming cloak {god gift}
 28917 | Swamp:1  | Identified the +1 cloak of Gravity {MP+9 Str+3} (Okawaru gifted it to you on level 1 of the Swamp)
 29585 | Swamp:1  | You fall through a shaft!
 29585 | Swamp:2  | Noticed a thorn hunter
 29598 | Swamp:2  | HP: 1/136 [thorn hunter/volley of thorns (24)]
 29598 | Swamp:2  | Mangled by a shambling mangrove

Action                   |  1- 3 |  4- 6 |  7- 9 | 10-12 | 13-15 || total
-------------------------+-------+-------+-------+-------+-------++-------
Melee: Long sword        |    81 |   112 |   295 |       |       ||   488
       Falchion          |       |       |   138 |   736 |  1806 ||  2680
Invok: Heroism           |       |       |       |     2 |     4 ||     6
Evoke: Wand              |       |       |       |     1 |     1 ||     2
  Use: Potion            |       |     1 |       |     3 |     6 ||    10
       Scroll            |       |       |    16 |    12 |    17 ||    45
 Stab: Petrified         |       |       |       |       |     5 ||     5
  Eat: Chunk             |     1 |     3 |    15 |    25 |    46 ||    90
       Royal jelly       |       |       |     2 |       |       ||     2
       Pizza             |       |       |       |     1 |       ||     1
       Beef jerky        |       |       |       |       |     3 ||     3
